Map: 2000 Atmospheres LE

Players

Warthog - Winner!

  • Race: Terran Terran
  • League: Master
  • Spawn Location: 3:00

CherryPopper

  • Race: Zerg Zerg
  • League: Master
  • Spawn Location: 7:00

VOD

Have the link to the VOD?

Description

Time

  • Played on: Jan. 11, 2022, 6:47 p.m.
  • Length: 7:12
Show
View Real Time Build Order
Export as new Build Order

Warthog Terran - Winner!

Build Orders: Reaper Expand 

Get SALT Encoding   

  12  0:00  SCV  
  13  0:12  SCV  
  14  0:17  Supply Depot  
  14  0:24  SCV  
  15  0:39  SCV  
  15  0:40  Barracks  
  16  0:43  Refinery  
  16  0:51  SCV  
  17  1:03  SCV  
  18  1:15  SCV  
  19  1:28  Reaper, Orbital Command  
  20  1:39  Command Center  
  20  1:49  Supply Depot  
  20  1:55  SCV  
  21  2:03  Marine  
  21  2:07  Factory  
  22  2:09  SCV  
  22  2:21  Bunker  
  22  2:22  Barracks Reactor  
  22  2:26  SCV  
  22  2:27  Refinery  
  23  2:39  SCV  
  24  2:54  Factory Tech Lab  
  24  2:55  SCV  
  24  2:57  Orbital Command  
  25  3:00  Marine x2  
  26  3:09  Starport  
  26  3:17  Cyclone  
  26  3:19  Marine  
  29  3:20  Marine  
  29  3:22  Supply Depot  
  30  3:29  Orbital Command  
  30  3:32  SCV  
  31  3:35  Supply Depot  
  31  3:44  SCV  
  29  3:59  SCV x2  
  28  4:05  Liberator  
  28  4:07  Barracks Tech Lab  
  31  4:11  SCV, Hellion x2  
  31  4:14  Supply Depot  
  31  4:15  Supply Depot  
  31  4:16  SCV  
  37  4:23  SCV  
  38  4:28  SCV  
  39  4:35  SCV  
  39  4:36  Hellion x2  
  44  4:40  SCV  
  45  4:47  SCV  
  45  4:50  Command Center  
  46  5:00  Hellion x2, SCV  
  46  5:01  SCV  
  52  5:07  Supply Depot  
  52  5:11  Viking  
  52  5:13  SCV x2  
  56  5:20  Supply Depot  
  56  5:22  Factory  
  56  5:25  SCV, Factory  
  56  5:26  Barracks Reactor, SCV  
  58  5:32  Hellion x2  
  62  5:37  SCV, Refinery  
  62  5:38  SCV  
  62  5:41  Refinery  
  64  5:57  SCV  
  64  5:58  SCV  
  64  6:03  Hellion  
  64  6:04  Hellion  
  67  6:09  SCV  
  65  6:12  SCV  
  65  6:17  Orbital Command  
  66  6:20  Armory  
  66  6:21  Armory  
  66  6:22  Factory, Starport Tech Lab  
  66  6:24  SCV  
  66  6:25  SCV, Factory  
  68  6:28  Supply Depot  
  68  6:31  Supply Depot  
  68  6:40  SCV x2  
  70  6:52  SCV  
  70  6:53  SCV  
  72  6:59  SCV  
Show
View Real Time Build Order
Export as new Build Order

CherryPopper Zerg 

Build Orders: Pool First 

Get SALT Encoding   

  12  0:01  Drone  
  13  0:08  Drone  
  14  0:25  Spawning Pool  
  13  0:29  Drone  
  13  0:34  Drone, Extractor  
  14  0:40  Extractor  
  14  0:41  Drone  
  15  0:50  Overlord  
  15  1:09  Drone  
  16  1:13  Zergling x2  
  16  1:14  Zergling x2, Roach Warren  
  17  1:22  Overlord  
  17  1:35  Queen  
  19  1:53  Roach x2  
  23  1:55  Roach  
  25  2:07  Drone  
  26  2:15  Ravager  
  27  2:18  Drone  
  27  2:21  Ravager  
  29  2:34  Hatchery  
  28  2:41  Drone  
  27  2:49  Ravager  
  27  2:51  Drone  
  29  3:00  Drone  
  30  3:12  Hatchery  
  29  3:15  Drone  
  30  3:34  Overlord  
  30  3:38  Overlord  
  30  3:53  Drone x2  
  30  3:54  Drone  
  30  4:00  Drone  
  25  4:03  Metabolic Boost  
  25  4:05  Queen  
  25  4:06  Drone x2  
  29  4:13  Drone  
  29  4:16  Zergling x4  
  29  4:17  Zergling x2  
  33  4:23  Drone x2  
  35  4:29  Zergling x4  
  37  4:33  Drone  
  38  4:43  Drone x2  
  38  4:44  Drone x2  
  38  4:45  Drone  
  42  4:47  Queen  
  42  4:52  Drone  
  45  4:53  Drone  
  45  4:56  Drone  
  46  5:03  Zergling x2  
  46  5:04  Zergling x4  
  46  5:07  Lair  
  48  5:09  Zergling x2  
  48  5:10  Zergling x2  
  50  5:18  Overlord  
  50  5:21  Zergling x2, Extractor  
  50  5:22  Zergling x4, Extractor x2  
  50  5:23  Zergling x2  
  51  5:28  Spore Crawler  
  51  5:30  Spore Crawler  
  51  5:31  Drone  
  49  5:42  Overlord  
  48  5:43  Zergling x2  
  48  5:48  Baneling Nest  
  48  5:49  Zergling x4  
  45  5:54  Queen  
  44  6:04  Zergling x2  
  44  6:05  Zergling x2  
  42  6:12  Zergling x4  
  42  6:13  Zergling x2  
  42  6:18  Zergling x4  
  46  6:22  Zergling x2  
  48  6:25  Zergling x2  
  48  6:28  Overlord  
  49  6:40  Overlord  
Tags
 
Add a new tag
Caveats
  • Supply blocks, unpowered buildings, or Contaminate may cause inaccurate times.
  • Supply counts are checked every 10 seconds.